 Dungeon Crawl Stone Soup version 0.17.1-3-g152610e (webtiles) character file.

202776 azazzel4ik the Severer (level 17, -4/162 HPs)
             Began as a Deep Dwarf Gladiator on Mar 16, 2016.
             Was the Champion of Makhleb.
             Splashed by an acid blob's acid (5 damage)
             ... on level 1 of the Pits of Slime on Mar 18, 2016.
             The game lasted 03:00:42 (29259 turns).

azazzel4ik the Severer (Deep Dwarf Gladiator)      Turns: 29259, Time: 03:00:43

Health: -4/162     AC: 12    Str: 25    XL:     17   Next: 95%
Magic:  15/15      EV: 11    Int: 14    God:    Makhleb [******]
Gold:   1700       SH: 19    Dex: 13    Spells: 0 memorised, 16 levels left

rFire  + . .     SeeInvis +     I - +2 war axe (flame)
rCold  + . .     Clarity  +     g - +2 plate armour {rC+}
rNeg   + . .     SustAt   .     E - +1 large shield {reflect}
rPois  +         Gourm    .     k - +3 crown of Dyrovepreva {rElec Int+2 SInv}
rElec  +         Spirit   .     l - +0 cloak of Nihilism {rF+ Int+2}
rCorr  .         Warding  .     a - +2 pair of gloves
rMut   +         Stasis   .     K - +2 pair of boots
MR     ++...                    f - amulet of resist mutation
Stlth  ..........               v - +4 ring of protection
                                R - ring of poison resistance

@: corroded equipment, non-regenerating, very resistant to hostile enchantments,
extremely unstealthy
A: damage resistance, recharge devices, clarity, negative energy resistance 1,
sense surroundings 2, slow regeneration 3
a: Device Recharging, Minor Destruction, Lesser Servant of Makhleb, Major
Destruction, Greater Servant of Makhleb, Renounce Religion
}: 1/15 runes: serpentine


You were on level 1 of the Pits of Slime.
You worshipped Makhleb.
Makhleb was exalted by your worship.
You were very full.

You visited 9 branches of the dungeon, and saw 36 of its levels.
You visited 1 bazaar.

You collected 3388 gold pieces.
You spent 1688 gold pieces at shops.

Inventory:

Hand Weapons
 I - a +2 war axe of flaming (weapon)
Armour
 a - a +2 pair of gloves (worn)
 g - a +2 plate armour of cold resistance (worn)
 k - the +3 crown of Dyrovepreva (worn) {rElec Int+2 SInv}
   (You bought it in a shop on level 4 of the Orcish Mines)

   It affects your intelligence (+2).
   It insulates you from electricity.
   It lets you see invisible.
 l - the +0 cloak of Nihilism (worn) {rF+ Int+2}
   (You bought it in a shop on level 4 of the Orcish Mines)

   It affects your intelligence (+2).
   It protects you from fire.
 E - a +1 large shield of reflection (worn)
 K - a +2 pair of boots (worn)
Jewellery
 f - an amulet of resist mutation (around neck)
 s - an uncursed ring of magical power
 v - a +4 ring of protection (right hand)
 D - the ring "Zatoekk" {SustAt +Blink rElec Str-5 Int+3}
   (You found it on level 7 of the Dungeon)

   [ring of sustain attributes]

   It sustains your strength, intelligence and dexterity.
   It affects your strength (-5).
   It affects your intelligence (+3).
   It insulates you from electricity.
   It lets you blink.
 J - an uncursed amulet of rage
 R - a ring of poison resistance (left hand)
 W - a +4 ring of intelligence
Wands
 e - a wand of heal wounds (0)
 h - a wand of digging (12)
 q - a wand of paralysis (1)
 u - a wand of polymorph (11)
 M - a wand of confusion (28)
 T - a wand of polymorph (15)
 U - a wand of digging (5)
Scrolls
 d - a scroll of fear
 m - 2 scrolls of identify
 n - 5 scrolls of enchant weapon
 o - 3 scrolls of enchant armour
 p - 6 scrolls of teleportation
 y - 2 scrolls of blinking
 A - a scroll of amnesia
 C - 5 scrolls of fog
 L - 5 scrolls of remove curse
 S - a scroll of summoning
Potions
 i - 3 potions of brilliance
 z - a potion of berserk rage
 G - a potion of cure mutation
 P - 5 potions of flight
 Q - 3 potions of curing
 Y - 4 potions of agility
 Z - a potion of might
Books
 X - a book of Battle

   Spells                             Type                      Level
   a - Infusion                       Charms                       1
   b - Shroud of Golubria             Charms/Translocation         2
   c - Song of Slaying                Charms                       2
   d - Spectral Weapon                Hexes/Charms                 3
   e - Regeneration                   Charms/Necromancy            3
Miscellaneous
 c - a phial of floods
 r - a lamp of fire
 O - a legendary deck of changes
Comestibles
 j - 40 fruits
 x - 11 royal jellies
 N - 8 bread rations


   Skills:
 * Level 12.7 Fighting
 + Level 17.6 Axes
 - Level 1.7 Throwing
 * Level 17.4 Armour
 - Level 13.1 Dodging
 * Level 10.0 Shields
 + Level 15.4 Invocations


You had 16 spell levels left.
You didn't know any spells.

Dungeon Overview and Level Annotations

Branches:
Dungeon (15/15)            Temple (1/1) D:7            Lair (8/8) D:8
 Shoals (1/4) Lair:4        Snake (4/4) Lair:3        Slime (1/6) Lair:6
    Orc (4/4) D:10            Elf (0/3) Orc:3        Vaults (1/5) D:13
 Depths (1/5) D:15

Altars:
Ashenzari
Cheibriados
Dithmenos
Elyvilon
Gozag
Kikubaaqudgha
Makhleb
Nemelex Xobeh
Qazlal
Ru
Sif Muna
Trog
Vehumet
Xom
Yredelemnul
Zin
The Shining One
Beogh

Shops:
D:5 *!   D:6 (   D:12 :   Orc:4 [[=(

Annotations:
D:5 Pikel


Innate Abilities, Weirdness & Mutations

You are resistant to damage.
You can recharge devices by infusing magical energy.
You resist negative energy.
You passively map the area around you.
You do not regenerate naturally.
You possess an exceptional clarity of mind.


Message History

* * * LOW HITPOINT WARNING * * *
The acid corrodes you!
The acid burns!
* * * LOW HITPOINT WARNING * * *
The acid blob spits acid at you. The splash of acid hits you!
The acid burns!
* * * LOW HITPOINT WARNING * * *
You hit the acid blob. You burn the acid blob.
Your hands burn!
* * * LOW HITPOINT WARNING * * *
The acid blob is lightly wounded.
The acid blob spits acid at you.
Your +1 large shield of reflection reflects the splash of acid!
The acid corrodes you!
The splash of acid hits the acid blob.
The acid blob completely resists.
As you read the scroll of fear, it crumbles to dust.
You assume a fearsome visage.
The acid blob resists with almost no effort.
The acid blob hits you!!
* * * LOW HITPOINT WARNING * * *
You are splashed with acid!
The acid burns!
You die...

* * ##.#####.##
#.....#....##
##..........# ,** ###
#.......##.## .
#####.#####.#....#...#..
#.##.....###............
,,
..........###...........,
................@J......
,
......#.................,
* ,
........................
......#......#........#.
,, *
..#.##.#....#.#.........
,
.####..............>....
,* , ##
#..................., *
...#................, * *
*.............#..


You could see an acid blob.

Vanquished Creatures
  An acid blob (Slime:1)
  Frances (D:12)
  A fire giant (D:15)
  5 greater nagas
  Maud (Lair:4)
  Nessos (Lair:6)
  The ghost of Enish the Thaumaturge, a journeyman DrSu of Gozag (Lair:8)
  Azrael (Orc:4)
  8 vault guards (D:13)
  Snorg (D:14)
  Josephine (Lair:8)
  A yaktaur captain (Vaults:1)
  2 great orbs of eyes
  Harold (Lair:3)
  4 hydras
  12 naga warriors
  3 centaur warriors
  12 anacondas
  4 ogre magi (Orc:4)
  The ghost of azazzel4ik the Nimble, a novice MfGl of Trog (D:9)
  12 death yaks
  The ghost of Gargoyl the Covered, a novice DsAK of Lugonu (D:8)
  3 shock serpents
  4 naga sharpshooters
  Nergalle (Lair:1)
  4 skeletal warriors (D:14)
  A salamander mystic (Snake:3)
  8 sea snakes (Snake:3)
  3 unseen horrors
  An ironbrand convoker (Vaults:1)
  2 orc knights
  6 naga ritualists
  4 mana vipers
  A wizard (D:14)
  6 hill giants
  8 salamanders
  4 manticores
  A cyclops (shapeshifter) (D:14)
  2 griffons
  7 ugly things
  40 black mambas
  2 cyclopes
  3 elephants
  12 naga magi
  10 guardian serpents
  5 centaur skeletons
  A gargoyle (D:11)
  2 yaktaurs (Vaults:1)
  13 spiny frogs
  5 komodo dragons
  A kobold demonologist (Vaults:1)
  4 fire drakes
  An efreet (D:15)
  2 spriggan druids (Lair:8)
  3 tengu conjurers
  A harpy zombie (D:14)
  2 merfolk
  9 polar bears (Lair:8)
  A wind drake (Shoals:1)
  15 two-headed ogres
  4 trolls
  27 slime creatures
  A snapping turtle (Shoals:1)
  13 blink frogs
  A trapdoor spider (D:13)
  3 shadows
  55 yaks
  6 wraiths
  A redback (Lair:8)
  13 spriggans (Lair:8)
  A water elemental (Shoals:1)
  A deep elf fighter (Vaults:1)
  A vampire (D:10)
  2 deep elf magi
  3 fire elementals (Orc:4)
  4 wyverns
  3 basilisks
  Grum (D:10)
  A mottled dragon (D:13)
  2 wargs (D:8)
  9 hippogriffs
  4 vampire mosquitoes (D:15)
  36 wolves
  5 hungry ghosts
  3 soldier ants
  42 nagas
  3 hell hounds (Orc:4)
  A spider (D:9)
  18 orc warriors
  9 porcupines
  12 water moccasins
  2 sky beasts
  5 wasps
  A necrophage (D:8)
  A phantom (D:13)
  A black bear (Lair:8)
  3 ice beasts
  3 eyes of draining
  42 ogres
  10 centaurs
  2 slaves (D:5)
  3 boggarts (Vaults:1)
  A brain worm (D:15)
  11 crocodiles
  22 giant frogs
  3 big kobolds
  2 scorpions
  A wyvern skeleton (D:13)
  An orc simulacrum (Vaults:1)
  9 killer bees
  9 wights
  3 electric eels
  3 centaur zombies
  2 giant frog zombies
  28 orc priests
  A quasit (D:7)
  A gnoll shaman (D:8)
  2 giant frog skeletons
  7 crimson imps
  Crazy Yiuf (D:7)
  3 hounds
  7 jellies
  19 iguanas
  A hell rat (Lair:4)
  25 orc wizards
  8 worker ants
  4 sheep (Lair:6)
  A killer bee zombie (D:5)
  A hound zombie (D:10)
  9 gnolls
  17 river rats
  8 adders
  2 shadow imps
  An ooze (D:4)
  2 adder skeletons
  6 giant geckos
  157 orcs
  7 goblins
  13 hobgoblins
  12 jackals
  16 kobolds
  4 quokkas
  A ball python (D:1)
  9 bats
  8 giant cockroaches
  A giant gecko skeleton (D:4)
  2 giant newts
  11 rats
  5 fungi
  17 plants
1115 creatures vanquished.

Vanquished Creatures (collateral kills)
  The ghost of Glider the Earth Mage, a veteran GrEE of Okawaru (Slime:1)
  An acid blob (Slime:1)
  3 greater nagas (Snake:4)
  A vault warden (Vaults:1)
  2 ironheart preservers (Vaults:1)
  A fire dragon (Vaults:1)
  A deep elf death mage (Vaults:1)
  An ice dragon (Vaults:1)
  2 naga warriors
  2 anacondas (Snake:4)
  An ogre mage (Vaults:1)
  A shock serpent (Snake:4)
  2 naga sharpshooters
  A deep elf summoner (Vaults:1)
  2 sea snakes (Snake:3)
  An orc knight (Vaults:1)
  7 ugly things
  A shining eye (Slime:1)
  A salamander (Snake:3)
  4 black mambas
  6 guardian serpents
  A vault sentinel (Vaults:1)
  2 naga magi (Snake:4)
  A deep elf priest (Vaults:1)
  3 slime creatures (Slime:1)
  A deep elf fighter (Vaults:1)
  5 nagas
  A vampire mosquito (Vaults:1)
  An orc warrior (Vaults:1)
  2 centaurs (Vaults:1)
  An ogre (Vaults:1)
  An electric eel (Snake:3)
  An orc (Vaults:1)
62 creatures vanquished.

Vanquished Creatures (others)
  4 naga sharpshooters
  A wizard (D:15)
  2 guardian serpents (Snake:4)
  A yaktaur (Vaults:1)
  2 deep elf magi
  A naga (Snake:4)
  A boggart (Vaults:1)
  3 centaurs
  An orc (Orc:4)
  7 fungi
  9 plants
32 creatures vanquished.

Grand Total: 1209 creatures vanquished

Notes
Turn   | Place    | Note
--------------------------------------------------------------
     0 | D:1      | azazzel4ik the Deep Dwarf Gladiator began the quest for the Orb.
     0 | D:1      | Reached XP level 1. HP: 19/19 MP: 1/1
    94 | D:1      | Reached XP level 2. HP: 26/26 MP: 2/2
   210 | D:1      | Reached skill level 1 in Armour
   606 | D:1      | Reached XP level 3. HP: 28/32 MP: 3/3
  1026 | D:2      | Found a shimmering altar of Xom.
  1214 | D:3      | Reached skill level 4 in Axes
  1227 | D:3      | Reached XP level 4. HP: 34/39 MP: 4/4
  1449 | D:3      | Reached XP level 5. HP: 41/46 MP: 5/5
  1479 | D:3      | Found a snail-covered altar of Cheibriados.
  1479 | D:3      | Found a stormy altar of Qazlal.
  1787 | D:3      | Found a white marble altar of Elyvilon.
  2226 | D:4      | Found a sacrificial altar of Ru.
  2408 | D:5      | Entered Level 5 of the Dungeon
  2468 | D:5      | Reached XP level 6. HP: 45/55 MP: 6/6
  2479 | D:5      | Noticed a centaur
  2499 | D:5      | Killed a centaur
  2642 | D:5      | Found Enkil's Distillery.
  2648 | D:5      | Bought a potion of heal wounds for 60 gold pieces
  2774 | D:5      | Found a shattered altar of Ashenzari.
  2862 | D:5      | Reached skill level 5 in Axes
  2880 | D:5      | Reached skill level 5 in Armour
  2880 | D:5      | Reached XP level 7. HP: 33/62 MP: 7/7
  3158 | D:5      | Found Zin's Purification Station.
  3163 | D:5      | Found a glowing silver altar of Zin.
  3173 | D:5      | Noticed Pikel
  3173 | D:5      | Noticed a slave
  3174 | D:5      | Noticed a slave
  3194 | D:5      | Found a shadowy altar of Dithmenos.
  3218 | D:5      | Noticed a slave
  3229 | D:5      | Killed a slave
  3304 | D:5      | Killed a slave
  3360 | D:6      | Found Soeh's Antique Weapon Shoppe.
  3484 | D:6      | Reached skill level 5 in Dodging
  3711 | D:6      | Reached skill level 6 in Armour
  3914 | D:6      | Reached XP level 8. HP: 37/72 MP: 8/8
  4280 | D:7      | Reached skill level 7 in Armour
  4378 | D:7      | Found a staircase to the Ecumenical Temple.
  4432 | Temple   | Entered the Ecumenical Temple
  4446 | Temple   | Became a worshipper of Makhleb the Destroyer
  4637 | D:7      | Got a slimy wooden ring
  4645 | D:7      | Noticed Crazy Yiuf
  4659 | D:7      | Killed Crazy Yiuf
  4671 | D:7      | Identified the ring "Zatoekk" {SustAt +Blink rElec Str-5 Int+3} (You found it on level 7 of the Dungeon)
  5085 | D:7      | HP: 1/72 [ogre/giant club (18)]
  5242 | D:8      | Reached skill level 8 in Armour
  5255 | D:8      | Gained mutation: You passively map the area around you. [Deep Dwarf growth]
  5255 | D:8      | Reached XP level 9. HP: 30/78 MP: 8/8
  5283 | D:8      | Found a staircase to the Lair.
  5290 | D:8      | Noticed Gargoyl's ghost (novice DsAK)
  5367 | D:7      | Reached * piety under Makhleb
  5673 | D:8      | Killed Gargoyl's ghost
  5673 | D:8      | Reached skill level 9 in Axes
  6177 | D:9      | Noticed azazzel4ik's ghost (novice MfGl)
  6431 | D:9      | Killed azazzel4ik's ghost
  6431 | D:9      | Reached skill level 10 in Armour
  6431 | D:9      | Reached XP level 10. HP: 51/85 MP: 7/7
  6635 | D:9      | Reached skill level 10 in Axes
  6957 | D:9      | Reached ** piety under Makhleb
  7050 | D:10     | Entered Level 10 of the Dungeon
  7203 | D:10     | Found a staircase to the Orcish Mines.
  7232 | D:10     | Noticed an unseen horror
  7295 | D:10     | Killed an unseen horror
  7352 | D:10     | Reached skill level 11 in Axes
  7406 | D:10     | Reached *** piety under Makhleb
  7472 | D:10     | Reached skill level 1 in Invocations
  7667 | D:10     | Noticed Grum
  7687 | D:10     | Killed Grum
  7789 | D:10     | Noticed a hill giant
  7804 | D:10     | Killed a hill giant
  7804 | D:10     | Reached XP level 11. HP: 50/92 MP: 8/8
  8254 | D:11     | Found an ancient bone altar of Kikubaaqudgha.
  8439 | D:11     | Reached **** piety under Makhleb
  8685 | D:11     | Reached skill level 12 in Axes
  8742 | D:11     | Noticed a seven-headed hydra
  9294 | D:12     | Reached skill level 5 in Invocations
  9635 | D:12     | Noticed Frances
  9651 | D:12     | Gained mutation: You are dopey. (Int -2) [a neqoxec]
  9669 | D:12     | Killed Frances
  9669 | D:12     | Reached ***** piety under Makhleb
  9669 | D:12     | Reached skill level 13 in Axes
  9669 | D:12     | Reached skill level 10 in Dodging
  9779 | D:12     | Found Axerr's Book Boutique.
  9911 | D:12     | Reached XP level 12. HP: 78/99 MP: 10/10
 10121 | D:13     | Found a shimmering altar of Xom.
 10264 | D:13     | Found a labyrinth entrance.
 10591 | D:13     | Noticed a centaur warrior
 10606 | D:13     | Killed a centaur warrior
 10626 | D:13     | Noticed a vault guard
 10626 | D:13     | Noticed a vault guard
 10627 | D:13     | Found a gate to the Vaults.
 10627 | D:13     | Noticed a vault guard
 10627 | D:13     | Noticed a vault guard
 10627 | D:13     | Noticed a vault guard
 10628 | D:13     | Noticed a vault guard
 10628 | D:13     | Noticed a vault guard
 10629 | D:13     | Noticed a vault guard
 10644 | D:13     | Killed a vault guard
 10762 | D:12     | Noticed an Executioner
 10815 | D:12     | Reached skill level 5 in Fighting
 10815 | D:12     | Reached skill level 14 in Axes
 10895 | Lair:1   | Entered Level 1 of the Lair of Beasts
 11004 | Lair:1   | Noticed Nergalle
 11046 | Lair:1   | Killed Nergalle
 11534 | Lair:1   | Noticed a four-headed hydra
 11666 | Lair:2   | Reached XP level 13. HP: 100/110 MP: 12/12
 11730 | Lair:2   | Reached ****** piety under Makhleb
 11859 | Lair:2   | Found a sparkling altar of Nemelex Xobeh.
 12228 | Lair:3   | Found a staircase to the Snake Pit.
 12455 | Lair:3   | Noticed Harold
 12477 | Lair:3   | Killed Harold
 12627 | Lair:3   | Reached skill level 15 in Axes
 12939 | Lair:4   | Noticed Maud
 12953 | Lair:4   | Killed Maud
 13612 | Lair:4   | Found a staircase to the Shoals.
 14098 | Shoals:1 | Entered Level 1 of the Shoals
 14163 | Shoals:1 | Lost mutation: You are dopey. (Int -2) [potion of cure mutation]
 14666 | Lair:5   | Found a deep blue altar of Sif Muna.
 15299 | Lair:6   | Found a staircase to the Slime Pits.
 15515 | Lair:6   | Reached skill level 10 in Invocations
 15562 | Lair:6   | Noticed a cacodemon
 15675 | Lair:6   | HP: 6/172 [death yak (18)]
 15685 | Lair:6   | Gained mutation: You resist negative energy. [Deep Dwarf growth]
 15685 | Lair:6   | Reached XP level 14. HP: 80/123 MP: 13/13
 15851 | Lair:6   | Noticed Nessos
 15905 | Lair:6   | Killed Nessos
 16154 | Lair:7   | Gained mutation: You possess an exceptional clarity of mind. [potion of beneficial mutation]
 16485 | Lair:7   | Reached skill level 16 in Axes
 16871 | Lair:8   | Entered Level 8 of the Lair of Beasts
 17536 | Lair:8   | Noticed Josephine
 17568 | Lair:8   | Killed Josephine
 17896 | Lair:8   | Noticed Enish's ghost (journeyman DrSu)
 18007 | Lair:8   | Killed Enish's ghost
 18395 | Lair:1   | Killed an eight-headed hydra
 18504 | Orc:1    | Entered Level 1 of the Orcish Mines
 19037 | Orc:2    | Found a roughly hewn altar of Beogh.
 19251 | Orc:3    | Reached XP level 15. HP: 135/135 MP: 13/13
 19475 | Orc:3    | Found a staircase to the Elven Halls.
 19606 | Orc:4    | Entered Level 4 of the Orcish Mines
 19791 | Orc:4    | Noticed Azrael
 19825 | Orc:4    | Killed Azrael
 19851 | Orc:4    | Found Qaydeymp's Jewellery Shop.
 19851 | Orc:4    | Found Qezaach's Armour Emporium.
 19852 | Orc:4    | Found Dokku's Weapon Shoppe.
 19852 | Orc:4    | Found Ines's Antique Armour Shop.
 19934 | Orc:4    | Bought the +3 crown of Dyrovepreva {rElec Int+2 SInv} for 1324 gold pieces
 19934 | Orc:4    | Bought a twisted cloak for 304 gold pieces
 19954 | Orc:4    | Identified the +0 cloak of Nihilism {rF+ Int+2} (You bought it in a shop on level 4 of the Orcish Mines)
 20696 | Snake:1  | Entered Level 1 of the Snake Pit
 20705 | Snake:1  | Reached skill level 15 in Armour
 20918 | Snake:1  | Reached skill level 10 in Fighting
 21030 | Snake:1  | Reached skill level 1 in Shields
 22233 | Snake:2  | Noticed a greater naga
 22248 | Snake:2  | Killed a greater naga
 22516 | Snake:3  | Reached XP level 16. HP: 148/148 MP: 14/14
 22893 | Snake:3  | Reached skill level 5 in Shields
 23441 | Snake:3  | Found a flickering gateway to a bazaar.
 23470 | Bazaar   | Entered a bazaar
 23475 | Bazaar   | Found Ybeatt's Book Shop.
 23488 | Bazaar   | Found Honibat's Gadget Shop.
 23691 | Snake:4  | Entered Level 4 of the Snake Pit
 24141 | Snake:4  | Reached skill level 17 in Axes
 24330 | Snake:4  | Reached XP level 17. HP: 71/159 MP: 16/16
 24382 | Snake:4  | Got a serpentine rune of Zot
 25108 | D:13     | Killed a vault guard
 25111 | D:13     | Killed a vault guard
 25115 | D:13     | Killed a five-headed hydra
 25123 | D:13     | Killed a vault guard
 25131 | D:13     | Killed a vault guard
 25133 | D:13     | Killed a vault guard
 25170 | D:13     | Killed a vault guard
 25283 | Vaults:1 | Entered Level 1 of the Vaults
 26533 | D:13     | Killed a vault guard
 26674 | D:14     | Reached skill level 15 in Invocations
 27241 | D:14     | Noticed Snorg
 27262 | D:14     | Killed Snorg
 27397 | D:15     | Entered Level 15 of the Dungeon
 28076 | D:15     | Found a staircase to the Depths.
 28115 | Depths:1 | Entered Level 1 of the Depths
 28966 | Slime:1  | Entered Level 1 of the Pits of Slime
 29094 | Slime:1  | Noticed Glider's ghost (veteran GrEE)
 29148 | Slime:1  | HP: 2/162 [Glider's ghost/bolt of cold (32)]
 29171 | Slime:1  | HP: 2/162 [Glider's ghost (20)]
 29178 | Slime:1  | Killed Glider's ghost
 29178 | Slime:1  | Reached skill level 10 in Shields
 29259 | Slime:1  | HP: 1/162 [acid blob (23)]
 29259 | Slime:1  | Splashed by an acid blob's acid

Action                   |  1- 3 |  4- 6 |  7- 9 | 10-12 | 13-15 | 16-18 || total
-------------------------+-------+-------+-------+-------+-------+-------++-------
Melee: War axe           |   163 |   217 |   590 |   993 |  2145 |  1266 ||  5374
Throw: Throwing net      |       |       |     3 |     5 |     6 |       ||    14
Invok: Minor Destruction |       |       |       |     3 |     2 |       ||     5
       Greater Servant o |       |       |       |     1 |     1 |    12 ||    14
       Major Destruction |       |       |       |       |     5 |     3 ||     8
 Abil: Device Recharging |       |       |     3 |     4 |     4 |     2 ||    13
Evoke: Wand              |       |     3 |    34 |    19 |    14 |    14 ||    84
  Use: Scroll            |     4 |     5 |    12 |     6 |    16 |     5 ||    48
       Potion            |     4 |     2 |     9 |     8 |    12 |     9 ||    44
 Stab: Sleeping          |     1 |       |       |       |       |       ||     1
       Distracted        |       |       |       |       |       |     9 ||     9
       Confused          |       |       |       |       |       |     2 ||     2
  Eat: Chunk             |     1 |     4 |     2 |     3 |       |     2 ||    12
       Bread ration      |       |     1 |     3 |     4 |       |     2 ||    10
       Beef jerky        |       |       |       |     8 |     7 |     3 ||    18
       Fruit             |       |       |       |       |     2 |       ||     2
       Meat ration       |       |       |       |       |     4 |     3 ||     7
       Pizza             |       |       |       |       |     7 |       ||     7
       Royal jelly       |       |       |       |       |       |     1 ||     1
